 Dungeon Crawl Stone Soup version 0.28.0-43-g3370ac3207 (webtiles) character file.

Game seed: 5827066400629595368

142 Peloso the Covered (level 5, 0/47 HPs)
             Began as a Minotaur Fighter on Mar 27, 2022.
             Killed from afar by an orc wizard (3 damage)
             ... with a magic dart
             ... on level 3 of the Dungeon.
             The game lasted 00:06:02 (2789 turns).

Peloso the Covered (Minotaur Fighter)               Turns: 2789, Time: 00:06:03

Health: 0/47       AC:  7    Str: 20 (21) XL:     5   Next: 3%
Magic:  4/4        EV:  9    Int:  2 (5)  God:
Gold:   104        SH:  4    Dex: 10 (11) Spells: 4/4 levels left

rFire   . . .      SeeInvis .   a - +0 long sword
rCold   . . .      Faith    .   c - +0 buckler
rNeg    . . .      Spirit   .   b - +0 scale mail
rPois   .          Reflect  .   (helmet restricted)
rElec   .          Harm     .   (no cloak)
rCorr   .          Rampage  .   (no gloves)
Will    .....                   (no boots)
Stlth   ..........              (no amulet)
HPRegen 0.15/turn               (no ring)
MPRegen 0.09/turn               (no ring)

@: no status effects
A: horns 2, retaliatory headbutt
a: no special abilities


You were on level 3 of the Dungeon.
You visited 1 branch of the dungeon, and saw 3 of its levels.

You collected 104 gold pieces.

Inventory:

Hand Weapons
 a - a +0 long sword (weapon)
Armour
 b - a +0 scale mail (worn)
 c - a +0 buckler (worn)
Jewellery
 m - a ring of see invisible
Scrolls
 e - a scroll of enchant weapon {unknown}
 f - a scroll of holy word {unknown}
 h - 4 scrolls of identify {unknown}
 i - a scroll of teleportation {unknown}
 j - a scroll of magic mapping {unknown}
 k - a scroll of enchant armour {unknown}
 l - a scroll of fog {unknown}
Potions
 d - 2 potions of might


   Skills:
 + Level 4.3 Fighting
 + Level 4.0 Long Blades
 + Level 4.7 Armour
 + Level 1.3 Dodging
 + Level 0.1 Stealth
 + Level 4.2 Shields


You had 4 spell levels left.
You didn't know any spells.
Your spell library contained the following spells:

 Spells                   Type           Power      Damage    Failure   Level
 Animate Skeleton         Necr           0%         N/A       93%         1
 Pain                     Necr           0%         1d4       93%         1
 Vampiric Draining        Necr           0%         2d6       100%        3


Dungeon Overview and Level Annotations

Branches:
Dungeon (3/15)

Altars:
Elyvilon
Trog

Shops:
D:2 =


Innate Abilities, Weirdness & Mutations

You have a pair of horns on your head.
You reflexively headbutt those who attack you in melee.


Message History

* * * LOW HITPOINT WARNING * * *
You miss something. Something hits you but does no damage.
You bump into the rock wall.
You hear some strange, mumbled words.
You are more confused.
You bump into the rock wall.
Something hits you but does no damage.
The orc priest looks satisfied for a moment.
It was a potion of degeneration.
There was something very wrong with that liquid.
You feel weakened.
You feel dopey.
You feel clumsy. Something hits you but does no damage.
The orc priest looks braver for a moment.
You bump into the rock wall.
Something hits you but does no damage.
You bump into the rock wall.
An orc wizard appears from thin air!
Reactivating autopickup.
The orc wizard closely misses you.
You closely miss the orc wizard. You headbutt the orc wizard.
The orc wizard is moderately wounded.
The orc wizard casts a spell.
The orc wizard flickers and vanishes!
Deactivating autopickup; reactivate with Ctrl-A.
You bump into the rock wall.
You feel less confused. Something hits you.
* * * LOW HITPOINT WARNING * * *
You miss something.
Something hits you but does no damage. x2
You miss something. Your headbutt misses something.
Something hits you but does no damage.
The orc priest mumbles some strange prayers to Beogh against you.
Beogh smites you!
* * * LOW HITPOINT WARNING * * *
You closely miss something. Something hits you.
* * * LOW HITPOINT WARNING * * *
The orc priest miscasts a cantrip.
You hit something but do no damage. Something hits you but does no damage.
You miss something.
You hear some strange, mumbled words.
A magic dart appears from out of thin air!
The magic dart hits you.
You die...

#######################.#
................@{oo....#
####
#########################
#... # #.## ###### #.#
.....# #.# .....# #.##
.....# #... ....)# ####
.....# #####


You could see an orc priest and an orc.

Vanquished Creatures
  Jessica (D:3)
  A hound zombie (D:3)
  3 gnolls (D:3)
  A worm (D:3)
  2 orcs (D:3)
  8 ball pythons
  9 endoplasms
  7 hobgoblins
  7 jackals
  3 kobolds
  2 quokkas
  A frilled lizard (D:2)
  10 goblins
  6 rats
61 creatures vanquished.

Vanquished Creatures (others)
  8 plants (D:3)
8 creatures vanquished.

Grand Total: 69 creatures vanquished

Notes
Turn   | Place    | Note
-------+----------+-------------------------------------------
     0 | D:1      | Peloso the Minotaur Fighter began the quest for the Orb.
     0 | D:1      | Reached XP level 1. HP: 19/19 MP: 0/0
     0 | D:1      | Noticed a felid
     0 | D:1      | Noticed a naga
     1 | D:1      | Noticed a merfolk zombie
     4 | D:1      | Noticed an elf
     7 | D:1      | Noticed a minotaur skeleton
     8 | D:1      | Noticed a ghoul
    19 | D:1      | Noticed a vampire
    19 | D:1      | Noticed a minotaur zombie
   179 | D:1      | Reached XP level 2. HP: 27/27 MP: 1/1
  1032 | D:2      | Reached XP level 3. HP: 33/33 MP: 2/2
  1101 | D:2      | Found Fafic's Jewellery Emporium.
  1903 | D:3      | Reached skill level 1 in Dodging
  1908 | D:3      | Reached XP level 4. HP: 32/40 MP: 3/3
  2029 | D:3      | Found a white marble altar of Elyvilon.
  2401 | D:3      | Found a bloodstained altar of Trog.
  2593 | D:3      | Noticed Jessica
  2606 | D:3      | Killed Jessica
  2607 | D:3      | Reached XP level 5. HP: 27/47 MP: 4/4
  2789 | D:3      | Killed from afar by an orc wizard

Illustrated notes

Levels and vault maps discovered:
D:1:      shiori_arrival_whats_in_store_for_you, layout_basic
D:2:      layout_basic, serial_rivers, chequers_serial_rivers_room_a,
          chequers_serial_rivers_micro_c, chequers_serial_rivers_large_b,
          chequers_serial_rivers_micro_c, chequers_serial_rivers_micro_a,
          chequers_serial_rivers_small_a, serial_shops, shop
D:3:      layout_basic, nicolae_elyvilon_temple_path, trog_hazing_becter,
          dreamdust_ecumenical_altar_statues, uniq_jessica

Skill      XL: |  1  2  3  4 |
---------------+-------------+-----
Armour         | 4 |  4.7
Fighting       | 4 |  4.3
Long Blades    | 3 4 |  4.0
Shields        | 4 |  4.2
Dodging        | 1 |  1.3
Stealth        | |  0.1

Action                   |  1- 3 |  4- 6 || total
-------------------------+-------+-------++-------
Melee: Long sword        |    81 |    79 ||   160
       Headbutt          |     8 |     7 ||    15
  Use: Potion            |       |     1 ||     1
Armor: Scale mail        |    30 |    45 ||    75
Dodge: Dodged            |    36 |    42 ||    78
Block: Buckler           |    15 |    18 ||    33
